 Dungeon Crawl Stone Soup version 0.30-a0-782-ge64f9170bb (webtiles) character file.

Game seed: 1708798735460407289

1275 Esekla the Sneak (level 8, -4/55 HPs)
             Began as an Octopode Delver on Feb 19, 2023.
             Was an Initiate of Gozag.
             Slain by a gnoll
             ... wielding a +0 whip
             ... led by a gnoll sergeant
              (8 damage)
             ... on level 6 of the Dungeon.
             The game lasted 00:32:29 (4854 turns).

Esekla the Sneak (Octopode Delver)                  Turns: 4854, Time: 00:32:29

Health: -4/55      AC:  1    Str: 18    XL:     8   Next: 53%
Magic:  0/21       EV: 15    Int: 12    God:    Gozag
Gold:   990        SH:  0    Dex: 21    Spells: 8/13 levels left

rFire   . . .      SeeInvis +    a - +0 falchion
rCold   + + .      Faith    .    (no shield)
rNeg    . . .      Spirit   +    (helmet restricted)
rPois   +          Reflect  .    n - amulet of guardian spirit
rElec   .          Harm     .    d - +6 ring of strength
rCorr   +          Rampage  .    v - ring "Xaigh" {rCorr MP+9 Int-2 Dex+8}
Will    .....                    w - ring of see invisible
Stlth   +++++                    z - ring of protection from cold
HPRegen 0.29/turn                C - ring of poison resistance
MPRegen 0.17/turn                F - ring of protection from cold
                                 (no ring)
                                 (no ring)

@: wereblooded, freezing walls
A: almost no armour, amphibious, 8 rings, camouflage 1, gelatinous body 1,
(nimble swimmer 1), tentacles
a: Renounce Religion, Potion Petition, Call Merchant, Bribe Branch


You were on level 6 of the Dungeon.
You worshipped Gozag.
Gozag was pleased with you.
You visited 2 branches of the dungeon, and saw 7 of its levels.

You collected 1036 gold pieces.
You spent 36 gold pieces at shops.
You paid 10 gold pieces to Gozag.

Inventory:

Hand Weapons
 a - a +0 falchion (weapon)
 s - a +0 dagger
Missiles
 m - 6 boomerangs (quivered)
 y - a throwing net
 E - 9 poisoned darts
Jewellery
 d - a +6 ring of strength (left tentacle)
 n - an amulet of guardian spirit (around mantle)
 p - an amulet of magic regeneration
 v - the ring "Xaigh" (right tentacle) {rCorr MP+9 Int-2 Dex+8}
   (You found it on level 2 of the Dungeon)

   [ring of magical power]

   Int:       It affects your intelligence (-2).
   Dex:       It affects your dexterity (+8).
   MP:        It affects your magic capacity (+9).
   rCorr:     It protects you from acid and corrosion.
 w - a ring of see invisible (on tentacle)
 z - a ring of protection from cold (on tentacle)
 C - a ring of poison resistance (on tentacle)
 F - a ring of protection from cold (on tentacle)
Wands
 f - a wand of digging (7)
 B - a wand of light (1)
Scrolls
 b - 2 scrolls of fog
 g - 3 scrolls of teleportation {unknown}
 h - 2 scrolls of enchant armour {unknown}
 i - 6 scrolls of identify {unknown}
 l - a scroll of butterflies {unknown}
 o - 2 scrolls of amnesia {unknown}
 q - a scroll of enchant weapon {unknown}
 r - a scroll of noise {unknown}
 t - a scroll of blinking {unknown}
 x - a scroll of torment {unknown}
 D - a scroll of acquirement {unknown}
Potions
 c - 4 potions of curing
 e - 2 potions of mutation {unknown}
 j - a potion of lignification {unknown}
 k - a potion of brilliance {unknown}
 u - a potion of resistance {unknown}
 A - 2 potions of degeneration {unknown}
 G - a potion of berserk rage {unknown}


   Skills:
 * Level 5.1 Fighting
 + Level 0.6(3.9) Short Blades
 * Level 6.2(6.3) Long Blades
 * Level 3.8 Dodging
 - Level 7.0 Stealth
 * Level 3.0 Spellcasting
 * Level 3.1 Transmutations
 * Level 2.4 Ice Magic


You had 8 spell levels left.
You knew the following spells:

 Your Spells              Type           Power      Damage    Failure   Level
r - Frozen Ramparts       Ice            14%        1d3       26%         3
w - Wereblood             Tmut           9%         N/A       11%         2

Your spell library contained the following spells:

 Spells                   Type           Power      Damage    Failure   Level
 Magic Dart               Conj           4%         1d3       24%         1
 Searing Ray              Conj           2%         2d4       36%         2
 Sublimation of Blood     Necr           1%         N/A       36%         2
 Gell's Gravitas          Tloc           1%         N/A       58%         3
 Teleport Other           Tloc           1%         N/A       58%         3
 Ice Form                 Ice/Tmut       8%         N/A       61%         4
 Summon Ice Beast         Ice/Summ       4%         N/A       83%         4
 Fulminant Prism          Conj/Hex       0%         3d5       94%         4
 Borgnjor's Vile Clutch   Necr/Erth      0%         N/A       100%        5
 Death Channel            Necr           0%         N/A       100%        6
 Dispersal                Tloc           0%         N/A       100%        6
 Summon Hydra             Summ           0%         N/A       100%        7
 Animate Dead             Necr           Unusable   N/A       N/A         4

Dungeon Overview and Level Annotations

Branches:
Dungeon (6/15)             Temple (1/1) D:5

Altars:
Ashenzari
Cheibriados
Dithmenos
Elyvilon
Fedhas
Gozag
Hepliaklqana
Makhleb
Nemelex Xobeh
Okawaru
Qazlal
Ru
Trog
Wu Jian
Yredelemnul
Zin

Shops:
D:3 (![[

Annotations:
D:4 Sigmund


Innate Abilities, Weirdness & Mutations

You cannot wear most types of armour.
You are amphibious.
You can wear up to eight rings at the same time.
Your skin changes colour to match your surroundings (Stealth+).
Your rubbery body absorbs attacks. (AC +1, EV +1)
((You are camouflaged when in or above water. (Stealth+)))
You have tentacles for arms and can constrict up to eight enemies at once.


Message History

The wall freezes the white imp but does no damage.
The wall freezes the gnoll but does no damage.
The gnoll hits you with a +0 flail.
The wall freezes the gnoll.
Casting: Frozen Ramparts (dangerous; 26% risk of failure)
Confirm with . or Enter, or press ? or * to list all spells.
Your blood is infused with primal strength.
The wall freezes the white imp but does no damage.
The wall freezes the gnoll but does no damage.
The gnoll hits you with a +0 flail!
The wall freezes the gnoll.
You barely miss the gnoll. Your grab misses the gnoll.
The white imp completely resists.
The wall freezes the white imp but does no damage.
The wall freezes the gnoll. x2
The gnoll hits you from afar with a +0 halberd!
* * * LOW HITPOINT WARNING * * *
The wall freezes the gnoll.
Okay, then.
Okay, then.
Okay, then.
You barely miss the gnoll. Your grab misses the gnoll.
The gnoll is lightly wounded.
The white imp completely resists.
The wall freezes the white imp but does no damage.
The wall freezes the gnoll.
The gnoll closely misses you.
The wall freezes the gnoll but does no damage.
The gnoll barely misses you.
The wall freezes the gnoll.
The gnoll closely misses you.
You closely miss the gnoll. You grab the gnoll.
The gnoll is heavily wounded.
You constrict the gnoll.
The white imp completely resists.
The wall freezes the white imp but does no damage.
The wall freezes the gnoll but does no damage.
The gnoll barely misses you.
The wall freezes the gnoll but does no damage.
The gnoll hits you from afar with a +0 halberd.
* * * LOW HITPOINT WARNING * * *
The wall freezes the gnoll but does no damage.
The gnoll hits you with a +0 whip!
You die...
Your body crumbles into a pile of gold.

#...##$.##.....#### ##
#...##........[.... #.
#....$............. #.
#...##..##.....#####+###
#..g##..##.....##.....#.
#.....g...............#.
#.....g5..............#.
#######g##...####.##..#.
......g@.########.##..#.
.........+ #.......#.
...$.....# #.......#.
.........# #.......#.
##+##....# #.......#.
#....######.......#.
#.........##'######.
#...................
###...............


You could see a gnoll sergeant, 3 gnolls and a white imp.

Vanquished Creatures
  Eustachio (D:5)
  Duvessa (D:4)
  A sky beast (D:6)
  An ogre (D:6)
  A centaur (D:5)
  2 phantoms (D:4)
  A kobold brigand (D:6)
  A bullfrog (D:5)
  A necrophage (D:4)
  Dowan (D:4)
  A jelly (D:5)
  3 hounds
  An orc priest (D:5)
  Terence (D:2)
  An iguana (D:5)
  2 orc wizards
  2 gnolls (D:6)
  3 adders
  2 ufetubi
  2 worms (D:2)
  5 dart slugs
  16 orcs
  7 bats
  5 endoplasms
  A giant cockroach (D:1)
  8 goblins
  3 hobgoblins (D:3)
  3 quokkas
  9 ball pythons
  2 frilled lizards
  11 kobolds
  8 rats
107 creatures vanquished.

Vanquished Creatures (others)
  4 fungi (D:2)
  8 plants (D:2)
12 creatures vanquished.

Grand Total: 119 creatures vanquished

Notes
Turn   | Place    | Note
-------+----------+-------------------------------------------
     0 | D:5      | Esekla the Octopode Delver began the quest for the Orb.
     0 | D:5      | Reached XP level 1. HP: 16/16 MP: 1/1
    15 | D:5      | Noticed an orc wizard
    43 | D:5      | Found a staircase to the Ecumenical Temple.
    50 | Temple   | Entered the Ecumenical Temple
   102 | Temple   | Became a worshipper of Gozag Ym Sagoz the Greedy
   126 | D:4      | Noticed Sigmund
   257 | D:4      | Noticed Duvessa
   322 | D:4      | Reached XP level 2. HP: 19/21 MP: 2/2
   345 | D:4      | Reached skill level 7 in Stealth
   377 | D:4      | Noticed a phantom
   412 | D:4      | Noticed a necrophage
   425 | D:4      | Noticed a phantom
   537 | D:3      | Found Bidek's Antique Weapon Shoppe.
   542 | D:3      | Found Ynik's Distillery.
   549 | D:3      | Bought a potion of curing for 36 gold pieces
   576 | D:3      | Found Hyem Fyr's Armour Emporium.
   604 | D:2      | Reached XP level 3. HP: 18/26 MP: 3/3
   844 | D:2      | Identified the +1 leather armour "Iqumpiag" {Will+ Int+4}
   923 | D:3      | Reached skill level 1 in Transmutations
   923 | D:3      | Reached XP level 4. HP: 31/31 MP: 3/5
  1083 | D:3      | Reached skill level 1 in Spellcasting
  1092 | D:3      | Learned a level 2 spell: Wereblood
  1209 | D:3      | Found Tytugaab's Antique Armour Emporium.
  1309 | D:3      | Identified the +1 leather armour of Wisdom {rPois Regen+
                  | Str-2}
  1391 | D:2      | Noticed Terence
  1472 | D:4      | Found an iron altar of Okawaru.
  1497 | D:4      | Killed a necrophage
  1498 | D:4      | Reached XP level 5. HP: 24/37 MP: 3/7
  1630 | D:2      | Killed Terence
  1653 | D:2      | Identified the ring "Xaigh" {rCorr MP+9 Int-2 Dex+8}
  2119 | D:1      | Reached XP level 6. HP: 43/43 MP: 8/8
  2349 | D:2      | Learned a level 3 spell: Frozen Ramparts
  2358 | D:2      | Found a white marble altar of Elyvilon.
  2432 | D:2      | Found a faded altar of an unknown god.
  2832 | D:5      | Reached XP level 7. HP: 34/48 MP: 10/10
  2908 | D:5      | Reached skill level 1 in Ice Magic
  3049 | D:5      | Noticed Eustachio
  3059 | D:5      | Killed Eustachio
  3060 | D:5      | Reached skill level 5 in Long Blades
  3657 | D:5      | Identified the +2 pair of boots "Cuqiwn" {+Blink}
  3839 | D:4      | Reached XP level 8. HP: 48/54 MP: 11/11
  3927 | D:4      | Noticed Dowan
  3971 | D:4      | Killed Duvessa
  4057 | D:4      | Killed Dowan
  4137 | D:6      | Reached skill level 5 in Fighting
  4580 | D:6      | Found a blossoming altar of Fedhas.
  4589 | D:6      | Found a white marble altar of Elyvilon.
  4589 | D:6      | Found a glowing silver altar of Zin.
  4593 | D:6      | Found a broken altar of Ashenzari.
  4854 | D:6      | Slain by a gnoll

Illustrated notes

Levels and vault maps discovered:
D:1:      grunt_arrival_lava_bath, layout_rooms
D:2:      layout_loops_ring, shapermc_ecumenical_altar_hornbeckon, basic_altar,
          corexii_leaking_fountain, uniq_terence
D:3:      layout_loops_ring, serial_shops, shop_fountains,
          nicolae_shop_waterfront, nicolae_shop_crystal, shop,
          minmay_box_of_dots
D:4:      layout_loops_ring, mainiacjoe_overflow_chevrons, minivault_11,
          hangedman_feature_mirror, uniq_duvessa, uniq_sigmund
D:5:      layout_basic, minmay_temple_entry_statues_pillars, uniq_eustachio
D:6:      layout_gridville, minitemple
Temple:   nicolae_temple_bog_church

Skill      XL: |  1  2  3  4  5  6  7  8 |
---------------+-------------------------+-----
Stealth        | 7 |  7.0
Transmutations | 1 2 3 |  3.1
Spellcasting   | 1 2 3 |  3.0
Long Blades    | 3 4 5 6 |  6.2
Fighting       | 4 5 |  5.1
Dodging        | 3 |  3.8
Ice Magic      | 2 |  2.4
Short Blades   | |  0.6

Action                     |  1- 3 |  4- 6 |  7- 9 || total
---------------------------+-------+-------+-------++-------
  Melee: Falchion          |    30 |    91 |    58 ||   179
         Tentacles         |     9 |    23 |    18 ||    50
         Constrict         |     7 |    23 |    23 ||    53
         Dagger            |     6 |    13 |     7 ||    26
         Punch             |     1 |     1 |     3 ||     5
  Throw: Boomerang         |       |     1 |     3 ||     4
   Cast: Wereblood         |       |     7 |     3 ||    10
         Frozen Ramparts   |       |       |     8 ||     8
    Use: Scroll            |     1 |     1 |       ||     2
         Potion            |     2 |       |     2 ||     4
   Stab: Sleeping          |    10 |    11 |     6 ||    27
         Distracted        |       |     2 |       ||     2
 Armour: Skin              |       |     5 |     2 ||     7
  Dodge: Dodged            |    20 |    65 |    51 ||   136

Table legend: (Time is in decaauts)
 A = Elapsed time spent in this place.
 B = Non-inter-level travel time spent in this place.
 C = Inter-level travel time spent in this place.
 D = Time resting spent in this place.
 E = Time spent auto-exploring this place.
 F = Levels seen in this place.
 G = Mean time per level.
                   A        B        C        D        E       F      G
               +--------+--------+--------+--------+--------+-----+--------+
         Total |   4837 |   4712 |    125 |    543 |   1670 |   7 |  691.0 |
       Dungeon |   4769 |   4659 |    110 |    543 |   1630 |   6 |  794.8 |
        Temple |     67 |     52 |     15 |      0 |     40 |   1 |   67.0 |
               +--------+--------+--------+--------+--------+-----+--------+

Top non-repeatable levels by time:
     D:5: 1118 daAuts
     D:4: 900 daAuts
     D:2: 880 daAuts
     D:3: 783 daAuts
     D:6: 728 daAuts
     D:1: 357 daAuts
  Temple: 67 daAuts
